[ AOE2 MATCH · #506067314 ]
UnrankedChinese vs Mongols
Player's team · WIN
Rival team · LOSS
[ REPLAY ANALYSIS · EXTRACTED FROM THE RECORDED GAME ]
Feudal
30:43
Castle
—
Imperial
—
| APM avg | 61.4 |
| APM peak | 112 |
| eAPM avg | 23.8 |
| Villagers / military | 69 / 23 |
Focus
⚔️ 24.1% · 🌾 75.9%
Militia ×23
Feudal
28:56
Castle
—
Imperial
—
| APM avg | 53.9 |
| APM peak | 95 |
| eAPM avg | 20.0 |
| Villagers / military | 60 / 0 |
Focus
⚔️ 16.6% · 🌾 83.4%
Match map
Initial resources + every placement click. Lines = walls · curves = elevation contours. ◆ gold · ⬟ stone · ● berries · ✦ relic · ◌ wall gap
Your base· Open — 3t gap
Guthrie_Govan's base· Open — unwalled flank
Smoothed initial terrain · ◌ = detected wall gap · hover for details
Inputs per minute
— TUAN - - Guthrie_Govan
Build order — TUAN
First 150 of 180 actions detected
| 0:02 | Research | Loom |
| 0:43 | Create | Villager (Male) |
| 1:09 | Create | Villager (Male) |
| 1:34 | Create | Villager (Male) |
| 2:03 | Create | Villager (Male) |
| 2:19 | Create | Villager (Male) |
| 2:21 | Build | Lumber Camp |
| 2:34 | Create | Villager (Male) |
| 2:54 | Create | Villager (Male) |
| 3:32 | Create | Villager (Male) |
| 3:32 | Create | Villager (Male) |
| 3:39 | Build | House |
| 3:53 | Create | Villager (Male) |
| 4:07 | Build | House |
| 4:16 | Create | Villager (Male) |
| 4:16 | Create | Villager (Male) |
| 4:40 | Build | Mill |
| 4:49 | Build | Mill |
| 4:53 | Create | Villager (Male) |
| 5:24 | Create | Villager (Male) |
| 5:25 | Create | Villager (Male) |
| 5:41 | Build | Palisade Gate |
| 5:50 | Create | Villager (Male) |
| 5:51 | Create | Villager (Male) |
| 6:42 | Build | Lumber Camp |
| 7:11 | Build | Lumber Camp |
| 7:21 | Create | Villager (Male) |
| 7:23 | Create | Villager (Male) |
| 7:53 | Create | Villager (Male) |
| 8:08 | Create | Villager (Male) |
| 8:09 | Create | Villager (Male) |
| 8:23 | Build | House |
| 8:44 | Build | House |
| 8:48 | Create | Villager (Male) |
| 9:01 | Create | Villager (Male) |
| 9:11 | Create | Villager (Male) |
| 9:15 | Build | House |
| 9:21 | Build | House |
| 9:25 | Create | Villager (Male) |
| 10:03 | Create | Villager (Male) |
| 10:04 | Create | Villager (Male) |
| 10:45 | Create | Villager (Male) |
| 11:13 | Create | Villager (Male) |
| 11:15 | Build | House |
| 11:25 | Build | Mill |
| 11:32 | Create | Villager (Male) |
| 11:56 | Create | Villager (Male) |
| 12:11 | Build | House |
| 12:15 | Create | Villager (Male) |
| 12:15 | Create | Villager (Male) |
| 12:18 | Create | Villager (Male) |
| 13:20 | Create | Villager (Male) |
| 13:36 | Create | Villager (Male) |
| 13:42 | Build | House |
| 14:15 | Create | Villager (Male) |
| 15:10 | Build | House |
| 15:23 | Build | House |
| 15:29 | Build | Palisade Wall |
| 15:36 | Create | Villager (Male) |
| 15:45 | Build | Farm |
| 15:49 | Build | Palisade Wall |
| 15:55 | Build | Palisade Wall |
| 16:01 | Build | Farm |
| 16:02 | Build | Farm |
| 16:10 | Build | Palisade Wall |
| 16:13 | Build | Palisade Wall |
| 16:13 | Build | Palisade Wall |
| 16:14 | Build | Palisade Wall |
| 16:14 | Build | Palisade Wall |
| 16:19 | Build | Farm |
| 16:20 | Create | Villager (Male) |
| 16:36 | Build | Barracks |
| 16:45 | Build | Farm |
| 16:47 | Create | Villager (Male) |
| 17:09 | Build | Farm |
| 17:16 | Create | Villager (Male) |
| 17:22 | Build | Lumber Camp |
| 17:29 | Build | House |
| 17:30 | Create | Villager (Male) |
| 17:41 | Build | Palisade Wall |
| 17:41 | Build | Palisade Wall |
| 17:42 | Build | Palisade Wall |
| 17:42 | Build | Palisade Wall |
| 17:45 | Create | Villager (Male) |
| 17:52 | Create | Militia |
| 17:52 | Create | Militia |
| 17:58 | Build | Mining Camp |
| 18:10 | Create | Villager (Male) |
| 18:21 | Create | Villager (Male) |
| 18:44 | Build | Palisade Gate |
| 18:52 | Create | Villager (Male) |
| 18:59 | Create | Militia |
| 18:59 | Create | Militia |
| 19:22 | Create | Militia |
| 19:27 | Create | Militia |
| 19:57 | Create | Militia |
| 19:57 | Create | Villager (Male) |
| 19:58 | Create | Villager (Male) |
| 20:00 | Create | Militia |
| 20:28 | Create | Villager (Male) |
| 20:29 | Create | Militia |
| 20:34 | Build | House |
| 20:37 | Build | House |
| 20:44 | Create | Villager (Male) |
| 20:44 | Create | Villager (Male) |
| 21:09 | Build | Lumber Camp |
| 21:28 | Build | House |
| 21:29 | Create | Militia |
| 21:30 | Create | Villager (Male) |
| 21:59 | Build | Farm |
| 22:07 | Build | Farm |
| 22:10 | Build | Farm |
| 22:14 | Build | House |
| 22:19 | Create | Villager (Male) |
| 22:30 | Build | Farm |
| 22:33 | Create | Villager (Male) |
| 22:43 | Build | House |
| 23:02 | Build | Farm |
| 23:26 | Create | Villager (Male) |
| 23:33 | Build | Farm |
| 23:48 | Create | Villager (Male) |
| 23:54 | Build | Farm |
| 23:56 | Build | Farm |
| 24:09 | Create | Villager (Male) |
| 24:10 | Create | Villager (Male) |
| 24:40 | Create | Villager (Male) |
| 25:02 | Create | Villager (Male) |
| 25:07 | Build | Mill |
| 25:09 | Build | Farm |
| 25:10 | Build | Farm |
| 25:14 | Build | Farm |
| 25:40 | Create | Villager (Male) |
| 25:47 | Create | Militia |
| 25:47 | Create | Militia |
| 25:48 | Create | Villager (Male) |
| 25:53 | Build | Lumber Camp |
| 26:13 | Build | Farm |
| 26:14 | Build | Farm |
| 26:18 | Build | Farm |
| 26:19 | Create | Villager (Male) |
| 26:31 | Build | Farm |
| 26:36 | Build | Farm |
| 26:38 | Build | Lumber Camp |
| 26:53 | Create | Villager (Male) |
| 26:58 | Build | House |
| 27:05 | Build | Farm |
| 27:07 | Create | Villager (Male) |
| 27:25 | Build | Farm |
| 27:37 | Create | Militia |
| 27:37 | Create | Militia |
Build order — Guthrie_Govan
116 actions detected in the replay
| 0:00 | Create | Villager (Male) |
| 0:00 | Create | Villager (Male) |
| 0:01 | Create | Villager (Male) |
| 0:01 | Create | Villager (Male) |
| 0:02 | Build | House |
| 0:04 | Build | House |
| 1:20 | Create | Villager (Male) |
| 1:56 | Create | Villager (Male) |
| 2:02 | Create | Villager (Male) |
| 2:16 | Build | Lumber Camp |
| 2:29 | Create | Villager (Male) |
| 2:31 | Create | Villager (Male) |
| 2:55 | Build | House |
| 3:03 | Build | House |
| 3:14 | Create | Villager (Male) |
| 3:17 | Create | Villager (Male) |
| 3:39 | Build | House |
| 3:57 | Build | House |
| 4:33 | Create | Villager (Male) |
| 4:34 | Create | Villager (Male) |
| 4:35 | Create | Villager (Male) |
| 4:57 | Create | Villager (Male) |
| 5:12 | Build | Mill |
| 5:34 | Create | Villager (Male) |
| 5:40 | Research | Loom |
| 5:59 | Create | Villager (Male) |
| 5:59 | Create | Villager (Male) |
| 6:17 | Create | Villager (Male) |
| 6:21 | Build | Palisade Wall |
| 6:53 | Build | Town Center |
| 7:00 | Build | Palisade Wall |
| 7:02 | Build | Palisade Wall |
| 7:03 | Build | Palisade Wall |
| 7:07 | Build | Palisade Wall |
| 7:08 | Build | Palisade Wall |
| 7:10 | Build | Palisade Wall |
| 7:19 | Build | Palisade Wall |
| 7:20 | Build | Palisade Wall |
| 7:22 | Build | Palisade Wall |
| 7:58 | Create | Villager (Male) |
| 7:58 | Create | Villager (Male) |
| 7:58 | Create | Villager (Male) |
| 7:59 | Create | Villager (Male) |
| 7:59 | Create | Villager (Male) |
| 8:13 | Build | Mill |
| 8:22 | Build | House |
| 8:25 | Build | Palisade Wall |
| 9:08 | Create | Villager (Male) |
| 9:52 | Create | Villager (Male) |
| 9:53 | Create | Villager (Male) |
| 10:53 | Create | Villager (Male) |
| 10:55 | Create | Villager (Male) |
| 11:08 | Build | House |
| 11:23 | Create | Villager (Male) |
| 11:41 | Create | Villager (Male) |
| 11:54 | Create | Villager (Male) |
| 12:56 | Create | Villager (Male) |
| 12:56 | Create | Villager (Male) |
| 13:43 | Create | Villager (Male) |
| 14:15 | Create | Villager (Male) |
| 14:42 | Create | Villager (Male) |
| 16:48 | Build | Town Center |
| 17:38 | Create | Villager (Male) |
| 17:39 | Create | Villager (Male) |
| 17:39 | Create | Villager (Male) |
| 17:43 | Build | House |
| 18:06 | Build | House |
| 18:19 | Create | Villager (Male) |
| 18:26 | Build | House |
| 18:33 | Create | Villager (Male) |
| 20:01 | Create | Villager (Male) |
| 20:24 | Create | Villager (Male) |
| 21:05 | Build | Lumber Camp |
| 21:31 | Create | Villager (Male) |
| 21:37 | Build | Farm |
| 22:02 | Create | Villager (Male) |
| 22:23 | Build | House |
| 22:47 | Create | Villager (Male) |
| 22:53 | Build | House |
| 23:15 | Create | Villager (Male) |
| 23:32 | Create | Villager (Male) |
| 23:39 | Build | Mill |
| 24:01 | Build | House |
| 24:05 | Create | Villager (Male) |
| 24:18 | Build | Palisade Wall |
| 24:39 | Build | Palisade Wall |
| 24:40 | Build | Palisade Wall |
| 24:49 | Build | Palisade Wall |
| 24:49 | Build | Palisade Wall |
| 24:51 | Build | Palisade Wall |
| 24:52 | Build | Palisade Wall |
| 25:07 | Create | Villager (Male) |
| 25:12 | Build | Farm |
| 25:14 | Build | Farm |
| 25:21 | Build | Palisade Wall |
| 25:22 | Build | Palisade Wall |
| 25:41 | Build | Palisade Wall |
| 25:41 | Build | Palisade Wall |
| 25:48 | Build | Farm |
| 25:52 | Build | Farm |
| 26:03 | Create | Villager (Male) |
| 26:46 | Research | Feudal Age |
| 27:41 | Build | Lumber Camp |
| 28:08 | Build | House |
| 28:39 | Build | House |
| 28:56 | Age | Feudal Age |
| 28:58 | Build | Barracks |
| 29:47 | Create | Villager (Male) |
| 29:47 | Create | Villager (Male) |
| 29:47 | Create | Villager (Male) |
| 29:47 | Create | Villager (Male) |
| 30:14 | Create | Villager (Male) |
| 30:41 | Research | Double-Bit Axe |
| 30:44 | Create | Villager (Male) |
| 31:52 | Create | Villager (Male) |
| 31:52 | Create | Villager (Male) |
Match timeline
| 6:21 | Guthrie_Govan · wall_segment Palisade Wall x1 |
| 7:00 | Guthrie_Govan · wall_segment Palisade Wall x1 |
| 7:02 | Guthrie_Govan · wall_segment Palisade Wall x1 |
| 7:03 | Guthrie_Govan · wall_segment Palisade Wall x1 |
| 7:07 | Guthrie_Govan · wall_segment Palisade Wall x1 |
| 7:08 | Guthrie_Govan · wall_segment Palisade Wall x1 |
| 7:10 | Guthrie_Govan · wall_segment Palisade Wall x1 |
| 7:19 | Guthrie_Govan · wall_segment Palisade Wall x1 |
| 7:20 | Guthrie_Govan · wall_segment Palisade Wall x1 |
| 7:22 | Guthrie_Govan · wall_segment Palisade Wall x1 |
| 8:25 | Guthrie_Govan · wall_segment Palisade Wall x1 |
| 15:29 | TUAN · wall_segment Palisade Wall x1 |
| 15:49 | TUAN · wall_segment Palisade Wall x1 |
| 15:55 | TUAN · wall_segment Palisade Wall x1 |
| 16:10 | TUAN · wall_segment Palisade Wall x1 |
| 16:13 | TUAN · wall_segment Palisade Wall x1 |
| 16:13 | TUAN · wall_segment Palisade Wall x1 |
| 16:14 | TUAN · wall_segment Palisade Wall x1 |
| 16:14 | TUAN · wall_segment Palisade Wall x1 |
| 16:36 | TUAN · first_building Barracks |
| 17:41 | TUAN · wall_segment Palisade Wall x1 |
| 17:41 | TUAN · wall_segment Palisade Wall x1 |
| 17:42 | TUAN · wall_segment Palisade Wall x1 |
| 17:42 | TUAN · wall_segment Palisade Wall x1 |
| 24:18 | Guthrie_Govan · wall_segment Palisade Wall x1 |
| 24:39 | Guthrie_Govan · wall_segment Palisade Wall x1 |
| 24:40 | Guthrie_Govan · wall_segment Palisade Wall x1 |
| 24:49 | Guthrie_Govan · wall_segment Palisade Wall x1 |
| 24:49 | Guthrie_Govan · wall_segment Palisade Wall x1 |
| 24:51 | Guthrie_Govan · wall_segment Palisade Wall x1 |
| 24:52 | Guthrie_Govan · wall_segment Palisade Wall x1 |
| 25:21 | Guthrie_Govan · wall_segment Palisade Wall x1 |
| 25:22 | Guthrie_Govan · wall_segment Palisade Wall x1 |
| 25:41 | Guthrie_Govan · wall_segment Palisade Wall x1 |
| 25:41 | Guthrie_Govan · wall_segment Palisade Wall x1 |
| 28:56 | Guthrie_Govan · age_up feudal |
| 28:58 | Guthrie_Govan · first_building Barracks |
| 30:43 | TUAN · age_up feudal |
| 32:07 | Guthrie_Govan · resign |
[ AI ANALYSIS · 1 CREDIT ]
What really happened in this match?
Wolo.gg analyzes every decision: build order, eco, micro, common mistakes by bracket. Personalized analysis on WhatsApp or Discord in 30 seconds.
Civ guide
Chinese
Perfil
Jugador #10496191